 Dungeon Crawl Stone Soup version 0.27-a0-906-g0a00ce863d (webtiles) character file.

Game seed: 14571431559520279949

49 Lanoc the Grasshopper (level 3, -15/42 HPs)
             Began as a Demonspawn Warper on Apr 7, 2021.
             Was a Follower of Cheibriados.
             Demolished by an ogre
             ... wielding a +0 giant club
              (21 damage)
             ... on level 2 of the Dungeon.
             The game lasted 00:03:46 (2108 turns).

Lanoc the Grasshopper (Demonspawn Warper)           Turns: 2108, Time: 00:03:46

Health: -15/42     AC: 21    Str: 14    XL:     3   Next: 51%
Magic:  5/5        EV:  2    Int: 18    God:    Cheibriados [*.....]
Gold:   49         SH:  0    Dex: 21    Spells: 3/6 levels left

rFire    . . .     SeeInvis .   a - +0 spear
rCold    . . .     Faith    .   (no shield)
rNeg     + + +     Spirit   .   (armour currently unavailable)
rPois    +         Reflect  .   (helmet currently unavailable)
rElec    .         Harm     .   (cloak currently unavailable)
rCorr    .         Rampage  .   (gloves currently unavailable)
Will     .....     NoTele   +   (boots currently unavailable)
Stlth    ++........             (no amulet)
HPRegen  0.14/turn              c - +6 ring of dexterity
MPRegen  0.09/turn              (no ring)

@: tree-form, very slow
A: stationary, stasis, torment immunity, boosted hp, (thin metallic scales 1),
powered by death 1, (talons 1), (deformed body), low mp 1, evolution 1
a: Renounce Religion, Bend Time


You were on level 2 of the Dungeon.
You worshipped Cheibriados.
Cheibriados was aware of your devotion.
You were a tree.
You visited 1 branch of the dungeon, and saw 2 of its levels.

You collected 49 gold pieces.

Inventory:

Hand Weapons
 a - a +0 spear (weapon)
Missiles
 e - a boomerang of dispersal (quivered)
 j - 11 boomerangs
Armour
 b - a +0 leather armour (melded)
Jewellery
 c - a +6 ring of dexterity (left branch)
Scrolls
 d - a scroll of blinking
 i - 2 scrolls of torment {unknown}
 k - 2 scrolls of vulnerability {unknown}
Potions
 h - a potion of curing


   Skills:
 + Level 2.5 Fighting
 - Level 1.7 Polearms
 - Level 0.8 Throwing
 - Level 0.8 Armour
 + Level 2.3 Dodging
 - Level 2.0 Spellcasting
 * Level 3.5 Translocations


You had 3 spell levels left.
You knew the following spells:

 Your Spells              Type           Power      Damage    Failure   Level
a - Apportation           Tloc           28%        N/A       4%          1
h - Blink                 Tloc           N/A        N/A       6%          2

Your spell library contained the following spells:

 Spells                   Type           Power      Damage    Failure   Level
 Gell's Gravitas          Tloc           7%         N/A       13%         3
 Lesser Beckoning         Tloc           7%         N/A       13%         3
 Teleport Other           Tloc           14%        N/A       13%         3
 Tukima's Dance           Hex            1%         N/A       47%         3
 Manifold Assault         Tloc           14%        N/A       75%         5
 Alistair's Intoxication  Tmut/Pois      0%         N/A       99%         5
 Invisibility             Hex            1%         N/A       100%        6


Dungeon Overview and Level Annotations

Branches:
Dungeon (2/15)

Altars:
Cheibriados
Dithmenos

Shops:
D:1 [


Innate Abilities, Weirdness & Mutations

You are a tree.
Your roots penetrate the ground, keeping you stationary.
You cannot be teleported.
You are immune to unholy pain and torment.
Your maximum health is greatly increased.
Your equipment is partially melded.
((You are partially covered in thin metallic scales. (AC +2)))
You regenerate a little health from kills.
((You have sharp toenails.))
((Armour fits poorly on your strangely shaped body.))
Your magical capacity is low. (-10% MP)
You evolve.


Message History

Press: ? - help, Q - select action, (/) - cycle Shift-Dir - straight line, f/p - ogre
Aim: an ogre, wielding a +0 giant club (moderately wounded, 77% to hit, chance to blind on hit: 27%)
You throw an atropa-tipped dart.
The atropa-tipped dart closely misses the quokka.
The atropa-tipped dart hits the ogre.
The ogre resists.
The ogre is moderately wounded.
The quokka bites you but does no damage.
Throw: 2 darts (atropa)
Press: ? - help, Q - select action, (/) - cycle Shift-Dir - straight line, f/p - ogre
Aim: an ogre, wielding a +0 giant club (moderately wounded, 77% to hit, chance to blind on hit: 27%)
You throw an atropa-tipped dart. The atropa-tipped dart hits the quokka.
The quokka appears confused.
The quokka is heavily wounded.
The quokka bites you but does no damage.
You hit the quokka but do no damage.
The quokka is heavily wounded.
The quokka seems less confused.
The quokka bites you but does no damage.
You hit the quokka but do no damage.
The quokka is moderately wounded.
You catch the helpless quokka completely off-guard!
You hit the quokka but do no damage.
The quokka is moderately wounded.
Throw: dart (atropa)
Press: ? - help, Q - select action, (/) - cycle Shift-Dir - straight line, f/p - ogre
Aim: an ogre, wielding a +0 giant club (moderately wounded, 77% to hit, chance to blind on hit: 27%)
You throw an atropa-tipped dart. The atropa-tipped dart hits the ogre.
The ogre resists.
The ogre is moderately wounded.
The quokka is no longer blind.
The ogre hits you with a +0 giant club!
* * * LOW HITPOINT WARNING * * *
Throw: 2 boomerangs (disperse)
Press: ? - help, Q - select action, (/) - cycle Shift-Dir - straight line, f/p - ogre
Aim: an ogre, wielding a +0 giant club (moderately wounded, 77% to hit)
You throw a boomerang of dispersal.
The boomerang of dispersal hits the ogre but does no damage.
The ogre is moderately wounded.
The ogre hits you with a +0 giant club!!
Ouch! That really hurt!
You die...

########## #...#
###........########...#
#>.........'..........#########
###.#........####.###...##.......
....#........# #..##...#........
###.#........# ##.##...#........
..#......#########..#...#........
................♣Or...)..........
..........#########.###...#.#.#.#
.....####.# #..##...#.#.#.#
.....# #.# ##'##.....#.... .....#
#.# ......§..#..######.# #....#
#.# .....r...#.........# ######
#.# .........##.######## #.#
.........##.# #########.#
...O.....##.#


You could see an ogre and a quokka.

Vanquished Creatures
  An adder (D:2)
  2 worms
  A dart slug (D:1)
  An orc (D:2)
  2 endoplasms (D:1)
  2 giant cockroaches (D:1)
  3 goblins (D:1)
  7 hobgoblins (D:1)
  A kobold (D:1)
  A quokka (D:2)
  2 frilled lizards (D:1)
  6 rats
29 creatures vanquished.

Notes
Turn   | Place    | Note
-------+----------+-------------------------------------------
     0 | D:1      | Lanoc the Demonspawn Warper began the quest for the Orb.
     0 | D:1      | Reached XP level 1. HP: 16/16 MP: 3/3
   160 | D:1      | Found Heegogg's Armour Emporium.
   187 | D:1      | Reached skill level 3 in Translocations
   187 | D:1      | Gained mutation: You regenerate a little health from kills.
                  | [demonic ancestry]
   187 | D:1      | Reached XP level 2. HP: 4/22 MP: 5/5
   438 | D:1      | Learned a level 2 spell: Blink
   781 | D:1      | Found a faded altar of an unknown god.
   785 | D:1      | Became a worshipper of Cheibriados the Contemplative
   785 | D:1      | Reached * piety under Cheibriados
  1224 | D:2      | Noticed an ogre
  1249 | D:2      | Learned a level 1 spell: Apportation
  1290 | D:2      | Gained mutation: You are partially covered in thin metallic
                  | scales. (AC +2) [demonic ancestry]
  1290 | D:2      | Reached XP level 3. HP: 28/28 MP: 6/6
  1972 | D:2      | Found a shadowy altar of Dithmenos.
  2100 | D:2      | Gained mutation: You have sharp toenails. [potion of
                  | mutation]
  2100 | D:2      | Gained mutation: Your magical capacity is low. (-10% MP)
                  | [potion of mutation]
  2100 | D:2      | Gained mutation: Armour fits poorly on your strangely
                  | shaped body. [potion of mutation]
  2100 | D:2      | Gained mutation: You evolve. [potion of mutation]
  2108 | D:2      | Demolished by an ogre

Illustrated notes

Levels and vault maps discovered:
D:1:      psy_arrival_wood_between_worlds, layout_basic, basic_ecumenical_altar,
          serial_shops, nicolae_shop_temple_entry_statues_fountains
D:2:      layout_basic, basic_altar

Skill      XL: |  1 |
---------------+----+-----
Dodging        | 2 |  2.3
Translocations | 3 |  3.5
Fighting       | |  2.5
Polearms       | |  1.7
Throwing       | |  0.8
Armour         | |  0.8
Spellcasting   | |  2.0

Action                   || total
-------------------------++-------
Melee: Spear             ||   172
Throw: Boomerang         ||     4
       Dart              ||     3
  Use: Potion            ||     3
 Stab: Invisible         ||     1
       Sleeping          ||     1
Armor: Leather armour    ||    21
       Skin              ||     7
Dodge: Dodged            ||    64

Table legend: (Time is in decaauts)
 A = Elapsed time spent in this place.
 B = Non-inter-level travel time spent in this place.
 C = Inter-level travel time spent in this place.
 D = Time resting spent in this place.
 E = Time spent auto-exploring this place.
 F = Levels seen in this place.
 G = Mean time per level.
                   A        B        C        D        E       F      G
               +--------+--------+--------+--------+--------+-----+--------+
         Total |   2472 |   2374 |     98 |    443 |   1351 |   2 | 1236.0 |
       Dungeon |   2472 |   2374 |     98 |    443 |   1351 |   2 | 1236.0 |
               +--------+--------+--------+--------+--------+-----+--------+

Top non-repeatable levels by time:
     D:1: 1586 daAuts
     D:2: 886 daAuts
